 Dungeon Crawl Stone Soup version 0.29.1-12-g30fa7ad0bf (webtiles) character file.

Game seed: 4836689420459465695

71 CaptainMV the Stinger (level 4, -2/33 HPs)
             Began as a Draconian Venom Mage on Dec 16, 2022.
             Frozen to death by an endoplasm (4 damage)
             ... on level 2 of the Dungeon.
             The game lasted 00:15:45 (1291 turns).

CaptainMV the Stinger (Draconian Venom Mage)        Turns: 1291, Time: 00:15:45

Health: -2/33      AC:  5    Str: 10    XL:     4   Next: 5%
Magic:  2/8        EV: 10    Int: 18    God:
Gold:   65         SH:  8    Dex: 11    Spells: 6/8 levels left

rFire   . . .      SeeInvis .   g - +2 dagger (speed)
rCold   . . .      Faith    .   k - +2 kite shield
rNeg    . . .      Spirit   .   (body armour unavailable)
rPois   .          Reflect  .   (helmet restricted)
rElec   .          Harm     .   (no cloak)
rCorr   .          Rampage  .   (no gloves)
Will    .....                   (no boots)
Stlth   ++........              (no amulet)
HPRegen 0.11/turn               (no ring)
MPRegen 0.11/turn               (no ring)

@: very slightly contaminated, slowed, very slow
A: AC +5, unfitting armour, cold-blooded
a: no special abilities


You were on level 2 of the Dungeon.
You visited 1 branch of the dungeon, and saw 2 of its levels.

You collected 65 gold pieces.

Inventory:

Hand Weapons
 e - a +1 whip of electrocution
 g - a +2 dagger of speed (weapon)
Missiles
 d - 2 boomerangs (quivered)
Armour
 k - a +2 kite shield (worn)
Jewellery
 c - a ring of positive energy
Scrolls
 f - 2 scrolls of teleportation
 h - a scroll of poison
 i - a scroll of brand weapon {unknown}
 l - a scroll of immolation {unknown}
Potions
 a - a potion of magic
 b - a potion of mutation {unknown}
 j - a potion of heal wounds {unknown}


   Skills:
 + Level 0.1 Maces & Flails
 + Level 2.1 Dodging
 + Level 2.1 Stealth
 + Level 0.1 Unarmed Combat
 + Level 2.7 Spellcasting
 + Level 1.4 Transmutations
 + Level 3.8 Poison Magic


You had 6 spell levels left.
You knew the following spells:

 Your Spells              Type           Power      Damage    Failure   Level
a - Sting                 Tmut/Pois      44%        1d5       22%         1
b - Necrotise             Necr           8%         1d4       52%         1

Your spell library contained the following spells:

 Spells                   Type           Power      Damage    Failure   Level
 Poisonous Vapours        Pois/Air       18%        N/A       41%         2
 Apportation              Tloc           4%         N/A       52%         1
 Summon Small Mammal      Summ           8%         N/A       52%         1
 Mephitic Cloud           Conj/Pois/Air  7%         N/A       73%         3
 Olgreb's Toxic Radiance  Pois           16%        N/A       78%         4


Dungeon Overview and Level Annotations

Branches:
Dungeon (2/15)

Altars:
Ru

Annotations:
D:2 Terence


Innate Abilities, Weirdness & Mutations

Your plain brown scales are hard. (AC +5)
You cannot fit into any form of body armour.
You are cold-blooded and may be slowed by cold attacks.


Message History

You closely miss the quokka. The quokka bites you.
The gnoll bouda gazes fiercely through you!
You feel your attacks grow feeble.
The gnoll hits you from afar with a +0 spear.
You hit the quokka.
The quokka is heavily wounded.
The quokka bites you but does no damage.
The gnoll barely misses you.
You hit the quokka.
You kill the quokka!
You hit the endoplasm but do no damage. You block the gnoll's attack.
A frilled lizard comes into view.
The endoplasm freezes you.
You are frozen.
You feel yourself slow down.
You hit the endoplasm. You tail-slap the endoplasm.
The endoplasm is severely wounded.
The gnoll is no longer moving quickly.
The gnoll hits you from afar with a +0 spear!
The endoplasm freezes you.
You are frozen.
* * * LOW HITPOINT WARNING * * *
You block the gnoll's attack.
You hit the endoplasm but do no damage.
The endoplasm is severely wounded.
The endoplasm closely misses you. The gnoll hits you but does no damage.
You hit the endoplasm but do no damage.
The endoplasm is severely wounded.
The gnoll is no longer moving quickly.
The gnoll bouda barks out a call to the hunt!
The gnolls pick up the pace!
The endoplasm freezes you.
You are frozen.
* * * LOW HITPOINT WARNING * * *
The gnoll closely misses you.
You hit the endoplasm but do no damage.
The endoplasm is severely wounded.
Your attacks no longer feel as feeble.
The endoplasm freezes you.
You are frozen.
You die...

....# .#.... ..# .# #...
.###.# .. .##.... ## #.#
....... #### #.. g......
...### #.## .......
##...## #..### .......
###..#######...##bg.....
##...........@Jgg.....
##############g...###
....# ....# ....# ....#
#####


You could see a gnoll bouda, 3 gnolls, an endoplasm and a bat.

Vanquished Creatures
  2 adders (D:2)
  3 dart slugs (D:1)
  7 endoplasms
  2 giant cockroaches
  3 goblins (D:1)
  10 hobgoblins
  4 quokkas
  2 ball pythons (D:1)
  A frilled lizard (D:1)
  2 kobolds
  5 rats
41 creatures vanquished.

Notes
Turn   | Place    | Note
-------+----------+-------------------------------------------
     0 | D:1      | CaptainMV the Draconian Venom Mage began the quest for the
                  | Orb.
     0 | D:1      | Reached XP level 1. HP: 14/14 MP: 3/3
     5 | D:1      | You fall into a shaft and drop 1 floor!
   261 | D:2      | Found a sacrificial altar of Ru.
   261 | D:2      | Noticed Terence
   290 | D:1      | Found a faded altar of an unknown god.
   295 | D:1      | Reached XP level 2. HP: 11/20 MP: 1/5
   705 | D:1      | Reached XP level 3. HP: 26/26 MP: 4/6
  1065 | D:2      | Learned a level 1 spell: Necrotise
  1250 | D:2      | Reached XP level 4. HP: 33/33 MP: 1/7
  1291 | D:2      | Frozen to death by an endoplasm

Illustrated notes

Levels and vault maps discovered:
D:1:      wander_arrival_estate, layout_loops_ring, ebering_ecumenical_altar_box
D:2:      layout_rooms, basic_altar, uniq_terence

Skill      XL: |  1  2  3 |
---------------+----------+-----
Stealth        | 2 |  2.1
Dodging        | 2 |  2.1
Maces & Flails | |  0.1
Unarmed Combat | |  0.1
Spellcasting   | |  2.7
Transmutations | |  1.4
Poison Magic   | |  3.8

Action                   |  1- 3 |  4- 6 || total
-------------------------+-------+-------++-------
Melee: Unarmed           |    14 |       ||    14
       Tailslap          |    10 |     3 ||    13
       Whip              |    19 |       ||    19
       Dagger            |    61 |    16 ||    77
 Cast: Sting             |    23 |       ||    23
       Necrotise         |     2 |     1 ||     3
  Use: Potion            |     2 |       ||     2
       Scroll            |     3 |       ||     3
 Stab: Sleeping          |     4 |       ||     4
Armor: Skin              |    18 |     7 ||    25
Dodge: Dodged            |    40 |     8 ||    48
Block: Kite shield       |    15 |    10 ||    25
